AoeStats
← Jokerball

Hideout

507021181Analyzed
1v1 RM · 14d ago on Sep 16, 2026· 18m 30s· 2 players
Game mode
Random Map
Map size
Tiny (2 player)
Population
200
Speed
Normal
Resources
Standard
Victory
Conquest
Starting age
Dark Age
Ending age
Imperial Age
RankedLock teamsTeams togetherTeam positionsShared explorationLock speedFull tech treeHidden civsTurbo modeCheats
Victory
Defeat
🇪🇸 Khmer · Spain
1257
+17
🇩🇪 Celts · Germany
1269
-17
HeyJoe
6:35 Loom
9:26 Feudal Age
12:58 Castle Age
11:46 Double-Bit Axe
Jokerball
3:16 Loom
3:32 Loom
9:51 Feudal Age
14:05 Castle Age
13:43 Double-Bit Axe
13:58 Loom
Connection lost

Rejoining the realm…

Still unreachable

The connection could not be restored.

Session expired

The server has moved on; the page needs a fresh start.